General information
- name: BNet
- type: Ladder team game (AT/RT)
- host: Battle.net
- saver: spanking-good-t
map: TwilightRuins
- players: 8
- length: 69:32
- speed: Fast
- version: 1.28 W3XP
- replay type: Public
» download(374 KB)
Players
team 1 (loser)
kangzzoda (
pink | 50 APM | 3457 actions | 69:16)
7 Archmage
3 Summon Water Elemental
3 Brilliance Aura
1 Mass Teleport
» actions
| Assign group hotkey | 1 | |
| Basic commands | 390 | |
| Build / train | 111 | |
| ESC pressed | 1 | |
| Enter build submenu | 32 | |
| Enter hero's abilities submenu | 7 | |
| Give item / drop item | 1 | |
| Right click | 553 | |
| Select / deselect | 1762 | |
| Select group hotkey | 438 | |
| Use ability | 160 | |
3457 total
» units
| Peasant | 18 | |
| Footman | 9 | |
| Goblin Shredder | 1 | |
| Rifleman | 5 | |
| Priest | 3 | |
| Spell Breaker | 3 | |
| Knight | 2 | |
| Flying Machine | 13 | |
| Mortar Team | 1 | |
55 total
» upgrades
| Defend | 1 | |
| Gunpowder | 3 | |
| Lumber Harvesting | 2 | |
| Long Rifles | 1 | |
| Priest Training | 2 | |
| Swords | 3 | |
| Control Magic | 1 | |
| Animal War Training | 1 | |
| Plating | 3 | |
| Armor | 2 | |
| Masonry | 3 | |
| Flak Cannons | 1 | |
| Magic Sentry | 1 | |
24 total
» buildings
| Lumber Mill | 1 | |
| Farm | 11 | |
| Altar of Kings | 1 | |
| Barracks | 2 | |
| Arcane Vault | 1 | |
| Town Hall | 3 | |
| Blacksmith | 1 | |
| Keep | 1 | |
| Arcane Sanctum | 3 | |
| Castle | 1 | |
| Workshop | 1 | |
| Scout Tower | 5 | |
| Arcane Tower | 4 | |
35 total
» build order
00:32 Lumber Mill
00:36 Farm
00:39 Altar of Kings
00:59 Barracks
01:24 Farm
01:58 Barracks
02:22 Farm
02:27 Farm
03:35 Arcane Vault
05:22 Town Hall
05:48 Blacksmith
05:53 Farm
05:56 Farm
06:23 Keep
08:48 Arcane Sanctum
08:53 Arcane Sanctum
10:11 Castle
10:54 Farm
10:56 Farm
10:56 Farm
12:07 Arcane Sanctum
12:12 Farm
12:13 Farm
22:55 Workshop
23:08 Town Hall
29:17 Town Hall
36:02 Scout Tower
36:03 Scout Tower
36:33 Arcane Tower
37:15 Arcane Tower
44:07 Scout Tower
44:08 Scout Tower
44:10 Scout Tower
44:35 Arcane Tower
44:38 Arcane Tower
» items
| Lesser Clarity Potion | 1 | |
| Scroll of Regeneration | 1 | |
| Scroll of Town Portal | 3 | |
5 total
B|TCHASSN|GGAS (
blue | 51 APM | 3429 actions | 67:38)
6 Priestess of the Moon
3 Trueshot Aura
1 Scout
1 Searing Arrows
1 Starfall
5 Keeper of the Grove
3 Entangling Roots
2 Force of Nature
5 Naga Sea Witch
3 Frost Arrows
2 Forked Lightning
» actions
| Assign group hotkey | 249 | |
| Basic commands | 141 | |
| Build / train | 261 | |
| ESC pressed | 16 | |
| Enter build submenu | 40 | |
| Enter hero's abilities submenu | 16 | |
| Give item / drop item | 21 | |
| Remove unit from queue | 1 | |
| Right click | 964 | |
| Select / deselect | 938 | |
| Select group hotkey | 647 | |
| Use ability | 134 | |
3429 total
» units
| Wisp | 39 | |
| Archer | 25 | |
| Hippogryph | 14 | |
| Druid of the Talon | 21 | |
| Footman | 93 | |
| Priest | 9 | |
201 total
» upgrades
| Improved Bows | 1 | |
| Hippogryph Taming | 1 | |
| Nature's Blessing | 1 | |
| Strength of the Moon | 3 | |
| Marksmanship | 1 | |
| Moon Armor | 3 | |
| Ultravision | 1 | |
| Well Spring | 1 | |
| Druid of the Talon Training | 2 | |
| Mark of the Talon | 1 | |
| Strength of the Wild | 1 | |
| Reinforced Hides | 1 | |
17 total
» buildings
| Altar of Elders | 1 | |
| Moon Well | 9 | |
| Ancient of War | 1 | |
| Tree of Ages | 1 | |
| Tree of Life | 5 | |
| Ancient of Wind | 4 | |
| Tree of Eternity | 1 | |
| Hunter's Hall | 1 | |
| Ancient of Wonders | 1 | |
| Guard Tower | 1 | |
| Ancient Protector | 11 | |
36 total
» build order
00:20 Altar of Elders
00:33 Moon Well
01:17 Ancient of War
01:26 Moon Well
02:18 Tree of Ages
03:12 Moon Well
05:00 Tree of Life
05:20 Ancient of Wind
05:22 Ancient of Wind
06:44 Moon Well
07:23 Tree of Eternity
08:38 Moon Well
09:38 Moon Well
09:58 Hunter's Hall
11:44 Moon Well
12:44 Moon Well
12:46 Ancient of Wonders
13:50 Moon Well
26:22 Tree of Life
33:24 Tree of Life
37:16 Ancient of Wind
37:52 Ancient of Wind
37:59 Tree of Life
41:41 Guard Tower
41:48 Ancient Protector
41:50 Ancient Protector
41:52 Ancient Protector
41:56 Ancient Protector
42:30 Ancient Protector
42:34 Ancient Protector
42:37 Ancient Protector
42:45 Ancient Protector
43:03 Ancient Protector
43:47 Tree of Life
43:50 Ancient Protector
43:52 Ancient Protector
» items
| Claws of Attack +6 | 6 | |
| Scroll of Protection | 1 | |
| Boots of Speed | 2 | |
| Orb of Venom | 1 | |
| Scroll of Town Portal | 3 | |
| Potion of Healing | 4 | |
| Periapt of Vitality | 1 | |
| Potion of Lesser Invulnerability | 1 | |
| Claws of Attack +9 | 1 | |
20 total
Slippin'Jimmy (
yellow | 55 APM | 3821 actions | 69:16)
9 Blademaster
3 Wind Walk
3 Critical Strike
1 Bladestorm
2 Mirror Image
» actions
| Assign group hotkey | 119 | |
| Basic commands | 417 | |
| Build / train | 136 | |
| Enter build submenu | 61 | |
| Enter hero's abilities submenu | 10 | |
| Give item / drop item | 11 | |
| Remove unit from queue | 69 | |
| Right click | 1377 | |
| Select / deselect | 714 | |
| Select group hotkey | 522 | |
| Use ability | 385 | |
3821 total
» units
| Peon | 11 | |
| Grunt | 4 | |
| Goblin Shredder | 1 | |
| Troll Batrider | 10 | |
| Goblin Sapper | 30 | |
| Goblin Zeppelin | 5 | |
| Wind Rider | 14 | |
| Demolisher | 5 | |
80 total
» upgrades
| Pillage | 0 | |
| Liquid Fire | 1 | |
| Reinforced Defenses | 1 | |
| Troll Regeneration | 1 | |
| Ranged Weapons | 3 | |
| Armor | 3 | |
| Envenomed Spears | 1 | |
| Burning Oil | 1 | |
11 total
» buildings
| Orc Burrow | 8 | |
| Altar of Storms | 1 | |
| Barracks | 4 | |
| Voodoo Lounge | 1 | |
| Stronghold | 1 | |
| Great Hall | 2 | |
| War Mill | 2 | |
| Watch Tower | 43 | |
| Beastiary | 4 | |
| Fortress | 1 | |
| Spirit Lodge | 1 | |
68 total
» build order
00:12 Orc Burrow
00:44 Orc Burrow
00:51 Altar of Storms
01:11 Barracks
01:14 Orc Burrow
02:08 Voodoo Lounge
03:19 Stronghold
04:27 Great Hall
05:08 Orc Burrow
05:09 War Mill
06:09 Orc Burrow
07:08 Watch Tower
07:08 Watch Tower
07:09 Watch Tower
07:09 Watch Tower
08:58 Watch Tower
08:58 Watch Tower
08:58 Watch Tower
09:42 Beastiary
09:44 Beastiary
09:46 Beastiary
09:49 Beastiary
10:30 Fortress
13:33 War Mill
15:12 Watch Tower
15:13 Watch Tower
15:13 Watch Tower
17:25 Watch Tower
17:27 Watch Tower
17:28 Watch Tower
17:29 Watch Tower
17:29 Watch Tower
17:29 Watch Tower
17:31 Watch Tower
17:32 Watch Tower
17:33 Watch Tower
18:48 Spirit Lodge
23:47 Watch Tower
23:48 Watch Tower
23:48 Watch Tower
23:50 Watch Tower
23:51 Watch Tower
23:51 Watch Tower
26:09 Watch Tower
26:15 Watch Tower
26:17 Watch Tower
28:05 Orc Burrow
28:08 Orc Burrow
28:10 Orc Burrow
29:57 Watch Tower
29:57 Watch Tower
29:58 Watch Tower
29:58 Watch Tower
29:59 Watch Tower
30:01 Watch Tower
33:10 Watch Tower
33:12 Watch Tower
33:14 Watch Tower
33:16 Watch Tower
33:17 Watch Tower
40:50 Great Hall
40:52 Watch Tower
40:52 Watch Tower
40:53 Watch Tower
40:53 Watch Tower
41:45 Barracks
41:46 Barracks
41:47 Barracks
» items
| Healing Salve | 7 | |
| Scroll of Town Portal | 10 | |
| Lesser Clarity Potion | 5 | |
| Boots of Speed | 1 | |
| Periapt of Vitality | 1 | |
| Orb of Lightning | 1 | |
| Staff of Teleportation | 1 | |
| Potion of Mana | 1 | |
| Tiny Great Hall | 3 | |
| Potion of Invulnerability | 1 | |
31 total

»
Agent_Joe (
teal | 36 APM | 1422 actions | 39:51)
7 Archmage
3 Summon Water Elemental
3 Brilliance Aura
1 Mass Teleport
» actions
| Basic commands | 24 | |
| Build / train | 137 | |
| Enter build submenu | 46 | |
| Enter hero's abilities submenu | 7 | |
| Give item / drop item | 1 | |
| Remove unit from queue | 1 | |
| Right click | 546 | |
| Select / deselect | 569 | |
| Use ability | 91 | |
1422 total
» units
| Peasant | 29 | |
| Rifleman | 18 | |
| Goblin Shredder | 1 | |
| Goblin Zeppelin | 3 | |
| Knight | 5 | |
| Sorceress | 4 | |
| Flying Machine | 3 | |
| Siege Engine | 5 | |
| Goblin Sapper | 1 | |
69 total
» upgrades
| Masonry | 3 | |
| Gunpowder | 3 | |
| Armor | 3 | |
| Long Rifles | 1 | |
| Swords | 3 | |
| Sorceress Training | 2 | |
| Animal War Training | 1 | |
| Plating | 3 | |
| Magic Sentry | 1 | |
| Flak Cannons | 1 | |
| Flying Machine Bombs | 1 | |
| Barrage | 1 | |
23 total
» buildings
| Farm | 8 | |
| Altar of Kings | 1 | |
| Blacksmith | 1 | |
| Barracks | 1 | |
| Scout Tower | 26 | |
| Lumber Mill | 1 | |
| Arcane Tower | 6 | |
| Town Hall | 3 | |
| Keep | 3 | |
| Arcane Vault | 1 | |
| Castle | 1 | |
| Guard Tower | 17 | |
| Arcane Sanctum | 1 | |
| Workshop | 1 | |
| Cannon Tower | 1 | |
72 total
» build order
00:08 Farm
00:14 Altar of Kings
00:48 Blacksmith
01:22 Barracks
01:30 Farm
02:02 Farm
02:09 Scout Tower
02:32 Lumber Mill
02:45 Arcane Tower
04:41 Town Hall
05:59 Keep
07:33 Arcane Vault
07:38 Farm
08:21 Castle
08:26 Farm
08:50 Scout Tower
09:10 Farm
09:21 Guard Tower
09:26 Arcane Sanctum
10:38 Scout Tower
10:41 Farm
11:09 Scout Tower
11:10 Guard Tower
11:44 Guard Tower
11:47 Scout Tower
12:11 Farm
12:43 Guard Tower
12:45 Scout Tower
14:54 Guard Tower
14:57 Scout Tower
15:36 Guard Tower
15:38 Scout Tower
17:17 Guard Tower
17:20 Scout Tower
17:52 Guard Tower
17:55 Scout Tower
18:25 Guard Tower
18:28 Scout Tower
18:29 Keep
20:58 Town Hall
22:07 Workshop
22:18 Guard Tower
22:20 Scout Tower
22:51 Arcane Tower
22:53 Scout Tower
23:14 Scout Tower
23:21 Scout Tower
23:24 Guard Tower
23:40 Scout Tower
24:03 Arcane Tower
24:05 Guard Tower
24:08 Scout Tower
24:11 Scout Tower
24:14 Arcane Tower
24:17 Scout Tower
24:49 Guard Tower
24:52 Scout Tower
24:58 Cannon Tower
25:00 Guard Tower
25:34 Arcane Tower
25:41 Scout Tower
26:32 Guard Tower
26:36 Scout Tower
27:17 Guard Tower
27:19 Scout Tower
27:51 Arcane Tower
27:54 Scout Tower
29:13 Guard Tower
29:20 Scout Tower
32:51 Keep
35:16 Town Hall
37:21 Scout Tower
» items
| Scroll of Regeneration | 3 | |
| Scroll of Town Portal | 3 | |
| Orb of Fire | 1 | |
| Potion of Mana | 1 | |
| Potion of Healing | 1 | |
9 total
team 2 (winner)

»
033080 (
green | 62 APM | 1330 actions | 21:36)
4 Dreadlord
2 Sleep
2 Vampiric Aura
2 Death Knight
1 Death Coil
1 Unholy Aura
» actions
| Assign group hotkey | 44 | |
| Basic commands | 137 | |
| Build / train | 78 | |
| ESC pressed | 1 | |
| Enter build submenu | 22 | |
| Enter hero's abilities submenu | 6 | |
| Give item / drop item | 3 | |
| Right click | 272 | |
| Select / deselect | 202 | |
| Select group hotkey | 474 | |
| Use ability | 91 | |
1330 total
» units
| Acolyte | 21 | |
| Ghoul | 5 | |
| Crypt Fiend | 7 | |
| Obsidian Statue | 4 | |
| Abomination | 2 | |
| Necromancer | 5 | |
44 total
» upgrades
| Cannibalize | 1 | |
| Necromancer Training | 2 | |
| Web | 1 | |
| Ghoul Frenzy | 1 | |
| Disease Cloud | 1 | |
| Skeletal Mastery | 1 | |
| Destroyer Form | 1 | |
| Skeletal Longevity | 1 | |
| Unholy Strength | 1 | |
| Creature Attack | 1 | |
11 total
» buildings
| Crypt | 1 | |
| Altar of Darkness | 1 | |
| Ziggurat | 7 | |
| Tomb of Relics | 1 | |
| Nerubian Tower | 5 | |
| Graveyard | 1 | |
| Halls of the Dead | 1 | |
| Black Citadel | 1 | |
| Slaughterhouse | 1 | |
| Temple of the Damned | 1 | |
| Necropolis | 1 | |
21 total
» build order
00:16 Crypt
00:22 Altar of Darkness
00:38 Ziggurat
01:00 Tomb of Relics
01:29 Ziggurat
01:42 Nerubian Tower
01:42 Nerubian Tower
01:42 Nerubian Tower
01:43 Nerubian Tower
02:45 Graveyard
03:30 Halls of the Dead
03:53 Ziggurat
04:31 Ziggurat
05:55 Black Citadel
05:58 Slaughterhouse
06:02 Temple of the Damned
07:33 Necropolis
13:04 Ziggurat
14:40 Ziggurat
16:25 Ziggurat
» items
| Rod of Necromancy | 1 | |
| Periapt of Vitality | 1 | |
| Dust of Appearance | 1 | |
| Scroll of Town Portal | 1 | |
4 total

»
WoWBerryFast (
orange | 93 APM | 1753 actions | 18:50)
4 Crypt Lord
1 Carrion Beetles
2 Spiked Carapace
1 Impale
2 Death Knight
1 Death Coil
1 Unholy Aura
» actions
| Assign group hotkey | 74 | |
| Build / train | 73 | |
| Enter build submenu | 22 | |
| Enter hero's abilities submenu | 7 | |
| Remove unit from queue | 4 | |
| Right click | 640 | |
| Select / deselect | 367 | |
| Select group hotkey | 492 | |
| Use ability | 74 | |
1753 total
» units
| Acolyte | 31 | |
| Ghoul | 5 | |
| Crypt Fiend | 5 | |
41 total
» upgrades
| Web | 1 | |
| Creature Attack | 2 | |
| Creature Carapace | 2 | |
5 total
» buildings
| Crypt | 1 | |
| Ziggurat | 11 | |
| Graveyard | 1 | |
| Altar of Darkness | 1 | |
| Nerubian Tower | 1 | |
| Tomb of Relics | 1 | |
| Halls of the Dead | 1 | |
| Spirit Tower | 5 | |
| Black Citadel | 2 | |
| Sacrificial Pit | 1 | |
| Boneyard | 3 | |
28 total
» build order
00:08 Crypt
00:12 Ziggurat
00:39 Graveyard
00:58 Altar of Darkness
01:34 Nerubian Tower
02:09 Ziggurat
02:20 Tomb of Relics
02:52 Halls of the Dead
04:15 Ziggurat
04:28 Ziggurat
05:08 Spirit Tower
05:24 Spirit Tower
07:02 Ziggurat
07:34 Black Citadel
07:35 Black Citadel
07:59 Spirit Tower
08:02 Ziggurat
08:26 Sacrificial Pit
08:44 Ziggurat
09:12 Spirit Tower
09:38 Spirit Tower
10:44 Boneyard
10:48 Boneyard
11:48 Boneyard
12:00 Ziggurat
12:40 Ziggurat
12:54 Ziggurat
13:11 Ziggurat
» items
| Rod of Necromancy | 2 | |
| Sacrificial Skull | 1 | |
| Potion of Healing | 1 | |
| Scroll of Town Portal | 2 | |
| Potion of Lesser Invulnerability | 1 | |
| Boots of Speed | 1 | |
8 total
spanking-good-t (
red | 67 APM | 4644 actions | 69:32)
8 Blademaster
3 Wind Walk
2 Critical Strike
1 Bladestorm
2 Mirror Image
3 Shadow Hunter
1 Hex
2 Healing Wave
» actions
| Assign group hotkey | 60 | |
| Basic commands | 73 | |
| Build / train | 107 | |
| Enter build submenu | 49 | |
| Enter hero's abilities submenu | 11 | |
| Give item / drop item | 6 | |
| Remove unit from queue | 3 | |
| Right click | 2187 | |
| Select / deselect | 385 | |
| Select group hotkey | 1433 | |
| Use ability | 330 | |
4644 total
» units
| Peon | 17 | |
| Goblin Shredder | 4 | |
| Wind Rider | 9 | |
| Goblin Sapper | 5 | |
| Troll Batrider | 12 | |
| Raider | 4 | |
51 total
» upgrades
| Ranged Weapons | 2 | |
| Armor | 2 | |
| Reinforced Defenses | 1 | |
| Envenomed Spears | 1 | |
| Liquid Fire | 1 | |
| Ensnare | 1 | |
| Pillage | 1 | |
| Melee Weapons | 1 | |
10 total
» buildings
| Altar of Storms | 1 | |
| Orc Burrow | 8 | |
| War Mill | 1 | |
| Voodoo Lounge | 1 | |
| Watch Tower | 67 | |
| Great Hall | 2 | |
| Stronghold | 3 | |
| Fortress | 4 | |
| Beastiary | 4 | |
| Necropolis | 5 | |
96 total
» build order
00:07 Altar of Storms
00:23 Orc Burrow
00:40 War Mill
00:53 Voodoo Lounge
01:56 Watch Tower
02:23 Watch Tower
03:13 Orc Burrow
03:35 Great Hall
03:52 Stronghold
03:52 Stronghold
05:16 Watch Tower
05:17 Watch Tower
05:18 Watch Tower
05:45 Watch Tower
05:58 Watch Tower
06:13 Fortress
06:13 Fortress
06:13 Fortress
06:35 Beastiary
06:39 Beastiary
06:45 Watch Tower
07:04 Watch Tower
07:08 Watch Tower
07:27 Watch Tower
08:06 Orc Burrow
08:10 Watch Tower
08:58 Watch Tower
09:15 Beastiary
09:28 Watch Tower
09:29 Watch Tower
10:41 Watch Tower
10:41 Watch Tower
10:43 Watch Tower
11:14 Watch Tower
11:15 Watch Tower
11:16 Watch Tower
13:04 Watch Tower
13:04 Watch Tower
13:05 Watch Tower
13:56 Orc Burrow
14:02 Orc Burrow
14:46 Orc Burrow
15:11 Beastiary
17:15 Orc Burrow
18:34 Great Hall
18:36 Watch Tower
18:37 Watch Tower
18:46 Watch Tower
18:46 Watch Tower
18:59 Watch Tower
19:07 Watch Tower
19:07 Watch Tower
19:08 Watch Tower
19:08 Watch Tower
19:09 Watch Tower
19:09 Watch Tower
19:10 Watch Tower
19:10 Watch Tower
20:18 Watch Tower
21:09 Watch Tower
21:10 Watch Tower
21:10 Watch Tower
21:10 Watch Tower
21:11 Watch Tower
21:12 Watch Tower
21:12 Watch Tower
21:13 Watch Tower
21:13 Watch Tower
21:14 Watch Tower
21:15 Watch Tower
21:16 Watch Tower
21:16 Watch Tower
22:22 Watch Tower
22:22 Watch Tower
22:42 Watch Tower
24:09 Watch Tower
24:10 Watch Tower
24:11 Watch Tower
25:45 Watch Tower
25:46 Watch Tower
25:46 Watch Tower
25:48 Watch Tower
25:48 Watch Tower
30:27 Necropolis
31:48 Necropolis
31:49 Necropolis
31:50 Necropolis
31:51 Necropolis
53:47 Watch Tower
53:48 Watch Tower
53:48 Watch Tower
53:49 Watch Tower
61:12 Orc Burrow
» items
| Healing Salve | 6 | |
| Scroll of Town Portal | 4 | |
| Orb of Lightning | 1 | |
| Potion of Lesser Invulnerability | 4 | |
| Boots of Speed | 1 | |
| Staff of Teleportation | 1 | |
| Potion of Healing | 2 | |
| Lesser Clarity Potion | 1 | |
20 total

»
sinsokao (
purple | 81 APM | 1686 actions | 20:53)
4 Keeper of the Grove
2 Entangling Roots
2 Thorns Aura
2 Priestess of the Moon
1 Trueshot Aura
1 Searing Arrows
» actions
| Assign group hotkey | 51 | |
| Basic commands | 9 | |
| Build / train | 83 | |
| ESC pressed | 2 | |
| Enter build submenu | 24 | |
| Enter hero's abilities submenu | 6 | |
| Right click | 472 | |
| Select / deselect | 366 | |
| Select group hotkey | 582 | |
| Use ability | 91 | |
1686 total
» units
| Wisp | 25 | |
| Huntress | 6 | |
| Archer | 6 | |
| Hippogryph | 8 | |
| Goblin Shredder | 6 | |
51 total
» upgrades
| Ultravision | 1 | |
| Hippogryph Taming | 1 | |
| Strength of the Wild | 1 | |
| Improved Bows | 1 | |
| Nature's Blessing | 1 | |
| Marksmanship | 2 | |
| Strength of the Moon | 2 | |
9 total
» buildings
| Moon Well | 5 | |
| Altar of Elders | 1 | |
| Hunter's Hall | 1 | |
| Ancient of War | 2 | |
| Ancient of Wonders | 1 | |
| Tree of Ages | 1 | |
| Tree of Life | 2 | |
| Tree of Eternity | 3 | |
| Ancient of Wind | 2 | |
| Ancient Protector | 6 | |
24 total
» build order
00:07 Moon Well
00:47 Altar of Elders
01:17 Hunter's Hall
01:42 Ancient of War
02:11 Ancient of War
02:17 Moon Well
02:26 Ancient of Wonders
03:40 Moon Well
04:56 Tree of Ages
05:21 Tree of Life
06:25 Moon Well
08:12 Tree of Eternity
08:13 Tree of Eternity
08:14 Ancient of Wind
08:59 Ancient of Wind
09:50 Ancient Protector
09:51 Ancient Protector
10:42 Ancient Protector
11:43 Tree of Life
13:10 Moon Well
16:06 Ancient Protector
18:27 Ancient Protector
18:31 Ancient Protector
» items
| Lesser Clarity Potion | 2 | |
| Dust of Appearance | 2 | |
| Scroll of Town Portal | 2 | |
| Potion of Healing | 4 | |
10 total
Chat log
(00:12 / Allies) sinsokao: hi
(00:19 / Allies) sinsokao: hunts kog
(00:28 / Allies) spanking-good-t: wyvern
(01:08 / All) Slippin'Jimmy: oh screwed my build ool
(03:26 / Allies) spanking-good-t: someone get melee plz
(03:38 / Allies) spanking-good-t: woo dplz
(03:43 / All) Slippin'Jimmy: I think this patch screwed up pathfinding and shit even worse
(05:26 / Allies) spanking-good-t: wood plz
(05:47 / Allies) spanking-good-t: thx
(06:44 / All) Slippin'Jimmy: fucking creeps fucked me
(06:59 / All) Slippin'Jimmy: chased my ass for a long time and got 2 coils off
(07:33 / Allies) spanking-good-t: creep
(08:49 / All) Slippin'Jimmy: cunt miotherfucker
(09:28 / All) Slippin'Jimmy: lucky pos
(09:35 / All) spanking-good-t: who
(09:36 / All) sinsokao: LOL
(09:38 / All) Slippin'Jimmy: I will rape your whole base you fucking faggot
(09:49 / Allies) spanking-good-t: guys
(09:51 / Allies) spanking-good-t: we have enough aa
(09:53 / Allies) spanking-good-t: get melee
(10:13 / Allies) sinsokao: ?
(12:45 / All) Slippin'Jimmy: mher lol
(12:58 / All) Slippin'Jimmy: purple = mher
(13:03 / All) sinsokao: ZZZZ
(13:06 / All) Slippin'Jimmy: overt
(13:06 / All) sinsokao: cry more
(13:36 / Allies) spanking-good-t: tp toj
(13:49 / Allies) sinsokao: red units?
(14:30 / All) Slippin'Jimmy: purple is a mher
(14:54 / Allies) spanking-good-t: hit
(14:56 / Allies) sinsokao: red etf
(14:56 / Allies) spanking-good-t: bot right
(14:57 / Allies) spanking-good-t: gogo
(15:24 / Allies) spanking-good-t: googog
(15:25 / Allies) spanking-good-t: hit teal
(15:35 / Allies) sinsokao: red...........
(15:37 / Allies) sinsokao: use gold
(15:43 / Allies) sinsokao: u fag
(15:54 / Allies) spanking-good-t: come hit teal
(16:46 / Allies) sinsokao: make bats...
(16:48 / Allies) sinsokao: red
(17:05 / Allies) sinsokao: golkd red
(17:07 / Allies) sinsokao: give
(17:24 / All) sinsokao: red has 4k gold
(17:26 / All) sinsokao: zzz
(18:50 / Allies) sinsokao: gold....
(18:56 / Allies) sinsokao: noob fags
(20:18 / All) Slippin'Jimmy: lawl you gotta guard your base can't even help your team
(20:19 / All) Slippin'Jimmy: ya lost
(20:35 / All) sinsokao: because red is noob
(20:39 / All) Slippin'Jimmy: LOL
(20:40 / All) Slippin'Jimmy: raped
(20:43 / All) Slippin'Jimmy: mhing noob
(25:55 / All) spanking-good-t: sluts aint gonna win
(26:16 / 8) kangzzoda: cry
(26:25 / All) spanking-good-t: pink is whiserping me
(26:29 / All) spanking-good-t: telling me to cry lawl
(30:35 / 8) kangzzoda: why tk?
(36:03 / All) spanking-good-t: seriously pink
(36:20 / 8) kangzzoda: cry
(37:26 / 8) kangzzoda: gold plz?
(41:54 / All) spanking-good-t: leave noob pink plz
(42:32 / All) spanking-good-t: leave noobs plz
(42:41 / 8) kangzzoda: cry
(43:28 / All) B|TCHASSN|GGAS: do yu even have gold lol
(43:32 / 8) kangzzoda: cry kikiki
(43:34 / All) spanking-good-t: not anymore
(43:41 / All) spanking-good-t: pink is spam whispering me lawl
(47:39 / All) spanking-good-t: damn u suck pink
(47:44 / All) spanking-good-t: i have no gold and this is a 2 hour long game
(47:55 / 8) kangzzoda: cry kikiki
(48:15 / All) B|TCHASSN|GGAS: going afk
(48:33 / All) Slippin'Jimmy: do us all a favor and just beat it
(49:19 / 8) kangzzoda: oh ytellow
(49:27 / All) spanking-good-t: u can leave noob pink
(49:31 / 8) kangzzoda: u next tk id
(49:32 / All) spanking-good-t: BYE YE
(49:34 / All) spanking-good-t: out
(49:39 / All) spanking-good-t: pink nub #1
(49:41 / All) spanking-good-t: out
(49:52 / 8) kangzzoda: cr
(49:58 / All) spanking-good-t: cry
(51:21 / All) kangzzoda: yellow next tk id
(51:22 / All) Slippin'Jimmy: WE WUZ KANGZ
(51:24 / All) spanking-good-t: cry
(51:25 / All) spanking-good-t: cry
(51:26 / All) spanking-good-t: cry
(51:37 / All) Slippin'Jimmy: he has 5k
(51:45 / 8) kangzzoda: cry kikiki
(51:47 / All) Slippin'Jimmy: my team had lots of gold I didn't think I'd win it but they let me kill teal lol
(51:57 / All) Slippin'Jimmy: teal had like twice my gold with mass tp am
(51:59 / All) Slippin'Jimmy: tanks etc
(51:59 / All) spanking-good-t: it was obvious
(52:42 / All) Slippin'Jimmy: crymore sux even with mh
(52:50 / 8) kangzzoda: not quit
(52:50 / All) spanking-good-t: pink private messaged me all game lawl
(52:53 / 8) kangzzoda: kikiki
(52:57 / All) Slippin'Jimmy: lwal
(52:59 / All) Slippin'Jimmy: what was he saying
(53:05 / All) spanking-good-t: "cry cry"
(53:14 / All) Slippin'Jimmy: lol
(53:22 / All) Slippin'Jimmy: karmic justice
(54:03 / All) spanking-good-t: leave plz nab
(54:11 / All) Slippin'Jimmy: I bet teal's expo didn't have much when I took it and built 4 topwers thwer lol
(54:41 / 8) kangzzoda: i win kikiki
(56:31 / All) spanking-good-t: back
(56:34 / All) Slippin'Jimmy: purple got lucky
(56:36 / All) Slippin'Jimmy: with his kotg
(56:46 / All) Slippin'Jimmy: when you issue a new command your units stop for a second
(56:50 / All) Slippin'Jimmy: and then do your new command
(56:52 / All) Slippin'Jimmy: this is new to this patch
(56:56 / All) Slippin'Jimmy: it never did thta before
(57:02 / All) Slippin'Jimmy: it's like a hiccup in movement
(57:08 / All) Slippin'Jimmy: so he got fucking lucky barely survived
(57:25 / All) spanking-good-t: i noticed that too
(57:31 / All) Slippin'Jimmy: they introduced a lot of bugs and things I don't think was intended
(57:47 / All) Slippin'Jimmy: it never did that before this patch
(58:08 / All) spanking-good-t: i like how they stay when we dont wan thtem to
(58:13 / All) Slippin'Jimmy: because of that my wind walk wore off just before so I didn't get the damage bonus
(58:14 / All) spanking-good-t: but they leave when we want them stay
(58:15 / All) Slippin'Jimmy: and he survived
(58:22 / All) Slippin'Jimmy: lawl yeah
(58:28 / All) Slippin'Jimmy: war3 playesr are weird
(58:30 / All) Slippin'Jimmy: blue is still ehre
(60:18 / All) spanking-good-t: cry
(60:27 / 8) kangzzoda: cry
(62:27 / All) spanking-good-t: permission to attack ur builidng
(62:36 / All) Slippin'Jimmy: go ahead
(62:48 / All) B|TCHASSN|GGAS: permission to suck his dick ? sure
(62:54 / All) spanking-good-t: lawl
(62:59 / All) spanking-good-t: i am the gurl in our relationship
(63:08 / All) Slippin'Jimmy: He's the court jester
(63:23 / All) spanking-good-t: this felt satisfying. no way should blue, teal, and pink have lost this
(63:29 / All) Slippin'Jimmy: Yeah lol
(63:34 / All) Slippin'Jimmy: teal alone should have crushed me
(63:38 / All) B|TCHASSN|GGAS: i honestly dont care lmao
(63:42 / All) B|TCHASSN|GGAS: this is funny
(64:00 / All) spanking-good-t: if yellow dc'd you would be taunting me nonstop
(64:10 / All) kangzzoda: 1 vs 1 gogo
(64:17 / All) spanking-good-t: no need. i won vs u 1v3
(65:29 / All) B|TCHASSN|GGAS: GG :)
(65:30 / All) kangzzoda: oh
(65:40 / All) spanking-good-t: yes. it was a GG
(65:42 / All) B|TCHASSN|GGAS: no? ok afk
(65:49 / All) spanking-good-t: any last words chaps
(65:54 / All) B|TCHASSN|GGAS: GG
(66:01 / All) Slippin'Jimmy: lets talk about our feelings
(66:03 / All) spanking-good-t: pink do u want to tell me cry more again?
(66:06 / All) spanking-good-t: yes
(66:09 / All) spanking-good-t: my feelings are
(66:18 / All) spanking-good-t: the dark knight is the best batman movie of all time
(66:27 / All) Slippin'Jimmy: I respectfully disagree
(66:27 / All) spanking-good-t: iron man is shit
(66:34 / All) Slippin'Jimmy: I find Batman Begins to be the best batman movie of all time
(66:41 / All) spanking-good-t: 2 slow a start
(66:49 / All) spanking-good-t: takes 1.5 hours for him to be batman
(66:51 / All) Slippin'Jimmy: It was realistic but still had a comic aesthetic that was quite nicely accomplished
(67:12 / All) Slippin'Jimmy: The dark knight while also being an excellent batman movie took too much from Michael Mann's "Heat"
(67:27 / All) Slippin'Jimmy: and also dropped the comic aesthetic and more fantastic elements established in Begins
(67:32 / All) B|TCHASSN|GGAS: well im out PEACE :) GG
(67:35 / All) Slippin'Jimmy: that's my 2 cents anyway
(67:48 / All) Slippin'Jimmy: ironman is a batman wannabe
(68:03 / All) Slippin'Jimmy: Pink do you think that what has happened to you is unfair?
(68:09 / All) Slippin'Jimmy: Do you want to get something off of your chest?
(69:14 / All) Slippin'Jimmy: Alright then. Good game. We lost fair and square, well done red